 Dungeon Crawl Stone Soup version 0.22.1-1-ga44c0e5 (webtiles) character file.

206554 Lavandula the Executioner (level 17, -2/148 HPs)
             Began as a Centaur Berserker on Oct 16, 2018.
             Was the Champion of Trog.
             Slain by a vault warden simulacrum (16 damage)
             ... on level 3 of the Vaults on Oct 21, 2018.
             The game lasted 01:55:58 (14715 turns).

Lavandula the Executioner (Centaur Berserker)      Turns: 14715, Time: 01:55:59

Health: -2/148     AC: 25    Str: 21    XL:     17   Next: 58%
Magic:  20/20      EV: 16    Int:  6    God:    Trog [******]
Gold:   526        SH:  0    Dex: 11    Spells: 16/16 levels left

rFire    . . .     SeeInvis .   K - +4 battleaxe of Extinguishment {chop, rC+ rN+++ Str-4}
rCold    + . .     Gourm    .   (shield currently unavailable)
rNeg     + + +     Faith    .   T - +4 troll leather armour {Snorg}
rPois    +         Spirit   .   W - +2 hat
rElec    .         Reflect  .   g - +2 cloak
rCorr    .         Harm     .   A - +2 pair of gloves {archery}
MR       ++...                  B - +2 centaur barding
Stlth    +.........             D - amulet of regeneration
HPRegen  1.14/turn              M - +5 ring of evasion
MPRegen  0.17/turn              N - ring of poison resistance

@: very quick
A: large, antennae 1, hooves 3, blurry vision 1, deformed body, speed 2, magic
resistance 1, tough skin 3
}: 2/15 runes: decaying, serpentine
a: Berserk, Trog's Hand, Brothers in Arms, Renounce Religion


You were on level 3 of the Vaults.
You worshipped Trog.
Trog was exalted by your worship.
You were not hungry.

You visited 6 branches of the dungeon, and saw 33 of its levels.
You also visited: Ice Cave.

You collected 2077 gold pieces.
You spent 1551 gold pieces at shops.

Inventory:

Hand Weapons
 n - a +5 battleaxe of chopping
 y - the +8 spear "Weucluj" {flame, Dex+4}
   (You found it on level 5 of the Dungeon)

   It has been specially enchanted to burn those struck by it, causing extra
   injury to most foes and up to half again as much damage against particularly
   susceptible opponents.
   It affects your dexterity (+4).
 K - the +4 battleaxe of Extinguishment (weapon) {chop, rC+ rN+++ Str-4}
   (You found it in an ice cave)

   It inflicts extra damage upon your enemies.
   It affects your strength (-4).
   It protects you from cold.
   It renders you almost immune to negative energy.
 V - a +5 blowgun
 Y - a +2 battleaxe of freezing
 Z - a +2 executioner's axe of flaming
Missiles
 i - 3 steel tomahawks (quivered)
 Q - 6 curare-tipped needles
Armour
 a - a +2 leather armour of fire resistance
 g - a +2 cloak (worn)
 A - a +2 pair of gloves of archery (worn)
 B - a +2 centaur barding (worn)
 T - a +4 troll leather armour (worn) {Snorg}
 W - a +2 hat (worn)
Magical Staves
 f - an uncursed staff of wizardry
Jewellery
 e - an uncursed ring of protection from fire
 h - an uncursed ring of protection from magic
 D - an amulet of regeneration (around neck)
 M - a +5 ring of evasion (left hand)
 N - a ring of poison resistance (right hand)
 R - the ring "Ciecasel" {rPois rC- Str+10 Int-2 Dex+2}
   (You found it on level 2 of the Orcish Mines)

   [ring of intelligence]

   It affects your strength (+10).
   It affects your intelligence (-2).
   It affects your dexterity (+2).
   It makes you vulnerable to cold.
   It protects you from poison.
Wands
 b - a wand of polymorph (22)
 j - a wand of clouds (6)
 o - a wand of paralysis (37)
 v - a wand of scattershot (12)
 G - a wand of digging (3)
 I - a wand of iceblast (16)
 J - a wand of flame (79)
 L - a wand of disintegration (19)
Scrolls
 l - 5 scrolls of immolation
 u - 2 scrolls of fog
 x - 7 scrolls of blinking
 F - 11 scrolls of teleportation
 H - a scroll of identify
 O - 5 scrolls of remove curse
 U - a scroll of holy word
Potions
 d - 2 potions of magic
 k - 3 potions of brilliance
 p - 3 potions of lignification
 q - 3 potions of mutation
 r - 7 potions of curing
 s - a potion of berserk rage
 w - 4 potions of haste
 z - a potion of invisibility
 C - 2 potions of cancellation
 E - a potion of resistance
 P - 4 potions of ambrosia
 S - 5 potions of might
 X - a potion of heal wounds
Miscellaneous
 t - a phial of floods
Comestibles
 c - 18 rations
 m - 4 chunks of flesh


   Skills:
 - Level 12.8 Fighting
 + Level 22.4 Axes
 - Level 4.1 Throwing
 - Level 5.3 Armour
 - Level 8.1 Dodging
 - Level 4.4 Evocations


You had 16 spell levels left.
You didn't know any spells.
Your spell library contained the following spells:

 Spells                   Type           Power        Failure   Level  Hunger
 Animate Skeleton         Necr           N/A          50%         1    ##.....
 Magic Dart               Conj           #...         50%         1    ##.....
 Pain                     Necr           #...         50%         1    ##.....
 Blink                    Tloc           N/A          65%         2    ###....
 Call Imp                 Summ           #.......     65%         2    ###....
 Searing Ray              Conj           #.....       65%         2    ###....
 Slow                     Hex            #.......     65%         2    ###....
 Conjure Flame            Conj/Fire      #.......     86%         3    ####...
 Dazzling Spray           Conj/Hex       #.....       86%         3    ####...
 Mephitic Cloud           Conj/Pois/Air  #.......     86%         3    ####...
 Recall                   Summ/Tloc      N/A          86%         3    ####...
 Regeneration             Chrm/Necr      #.........   86%         3    ####...
 Vampiric Draining        Necr           #.........   86%         3    ####...
 Animate Dead             Necr           N/A          99%         4    #####..
 Force Lance              Conj/Tloc      #.......     99%         4    #####..
 Fulminant Prism          Conj/Hex       #.........   99%         4    #####..
 Iskenderun's Mystic Bla  Conj           #.......     99%         4    #####..
 Borgnjor's Vile Clutch   Necr/Erth      #.........   100%        5    ######.
 Death Channel            Necr           #.........   100%        6    #######
 Simulacrum               Ice/Necr       #.........   100%        6    #######


Dungeon Overview and Level Annotations

Branches:
Dungeon (14/15)            Temple (0/1) D:4            Lair (6/6) D:11
  Swamp (4/4) Lair:4        Snake (4/4) Lair:3          Orc (2/2) D:11
    Elf (0/3) Orc:2        Vaults (3/5) D:14
  Slime: Lair:5-6     Crypt: Vaults:2-3

Altars:
Fedhas
Okawaru
Qazlal
Ru
Trog
The Shining One
Beogh

Shops:
D:7 ?   D:9 *   D:13 !   Orc:2 %}?(   Snake:1 *

Annotations:
D:13 !possible shops
Swamp:2 exclusion: upstairs
Snake:1 Josephine


Innate Abilities, Weirdness & Mutations

You have hooves in place of feet.
Armour fits poorly on your strangely shaped body.
You cover ground very quickly.
You have extremely tough skin. (AC +3)
You have a pair of small antennae on your head.
Scrolls take you a little longer to read.
You are resistant to hostile enchantments. (MR+)


Message History

You completely miss the yaktaur captain.
The wolf spider barely misses you. The wolf spider bites you.
The yaktaur wields a runed arbalest.
It is covered in frost.
The yaktaur shoots a bolt.
The bolt hits you but does no damage. The yaktaur captain hits you!!!
* * * LOW HITPOINT WARNING * * *
Unknown command.
The wolf spider hits you!!
* * * LOW HITPOINT WARNING * * *
The wolf spider barely misses you.
Unknown command.
You feel much better. The wolf spider misses you.
The wolf spider bites you but does no damage.
The yaktaur captain hits you!!
* * * LOW HITPOINT WARNING * * *
The vault warden simulacrum hits you.
* * * LOW HITPOINT WARNING * * *
The vault warden simulacrum freezes you!
You resist.
You die...

#....# #....# #....#
#....# #....# #....#
####....############
............s.......
............@c......
...........c)Z......
....................
###....#############
#)... #.... #....
#....


You could see a yaktaur captain, a wolf spider, a yaktaur and a vault warden
simulacrum.

Vanquished Creatures
  2 thorn hunters (Swamp:2)
  6 nagarajas (Snake:4)
  2 deep elf sorcerers (Vaults:2)
  A frost giant (IceCv)
  A vault warden (Vaults:1)
  An orc warlord (Orc:2)
  2 ironheart preservers (Vaults:2)
  Nessos (D:14)
  A deep elf annihilator (Vaults:1)
  A deep elf demonologist (Vaults:2)
  6 dire elephants (Lair:6)
  Snorg (D:12)
  2 fire dragons
  A yaktaur captain (Vaults:1)
  A great orb of eyes (Vaults:2)
  Erolcha (Orc:1)
  2 vault guards (D:14)
  3 ice dragons
  7 naga warriors
  2 anacondas
  5 centaur warriors
  18 hydras
  8 two-headed ogres
  3 ogre magi
  4 death yaks (Lair:5)
  5 alligators
  5 naga sharpshooters (Snake:4)
  4 orc high priests (Orc:2)
  3 shock serpents (Snake:4)
  2 spriggan berserkers (Swamp:4)
  2 deep elf knights
  A salamander mystic (Snake:3)
  A spriggan druid (Swamp:3)
  3 unseen horrors
  4 deep elf archers
  A deep troll (Vaults:2)
  A shadow dragon zombie (Vaults:2)
  8 swamp dragons
  A naga ritualist (Snake:1)
  Pikel (D:4)
  2 ironbrand convokers
  2 wizards
  A harpy (Vaults:3)
  2 necromancers
  10 orc knights
  A wolf spider (Vaults:2)
  2 shambling mangroves
  A human zombie (Vaults:2)
  4 orc sorcerers
  3 mana vipers
  3 deep elf magi
  A cyclops (Orc:2)
  4 elephants (Lair:6)
  9 black mambas
  An ice statue (IceCv)
  19 ugly things
  A moth of wrath (Swamp:2)
  9 naga magi
  A guardian serpent (Snake:4)
  2 centaur zombies (D:11)
  A vault sentinel (Vaults:2)
  4 spiny frogs
  Psyche (D:9)
  A torpor snail (Swamp:2)
  A gargoyle (D:14)
  A centaur skeleton (D:11)
  2 rime drakes
  A rime drake (shapeshifter) (Vaults:2)
  A freezing wraith (Vaults:1)
  3 komodo dragons
  8 yaktaurs
  A meliai (shapeshifter) (D:14)
  22 tyrant leeches
  7 trolls
  Prince Ribbit (D:7)
  10 bog bodies
  Grinder (D:3)
  15 polar bears
  25 slime creatures
  12 blink frogs
  10 hornets
  A blink frog (shapeshifter) (Vaults:3)
  5 hippogriffs
  8 spriggans
  A shadow (Swamp:2)
  A wraith (D:11)
  43 yaks
  17 humans (D:14)
  A wyvern (D:11)
  A human (shapeshifter) (D:14)
  2 basilisks
  3 hungry ghosts
  7 vampire mosquitoes
  A steam dragon (D:9)
  34 nagas
  A human simulacrum (Vaults:2)
  A soldier ant (D:14)
  10 swamp worms
  A warg (Vaults:1)
  6 water moccasins
  6 insubstantial wisps (Swamp:4)
  A porcupine (Lair:1)
  A meliai simulacrum (D:14)
  48 orc warriors
  9 swamp drakes
  2 phantoms
  A black bear (D:11)
  22 ogres
  An eye of draining (D:11)
  4 ice beasts
  3 centaurs
  24 wolves
  5 crocodiles
  7 bullfrogs
  A wyvern zombie (D:11)
  A human skeleton (Vaults:2)
  6 scorpions
  A water moccasin skeleton (D:11)
  8 killer bees
  2 howler monkeys
  8 crimson imps
  A bullfrog zombie (D:6)
  5 jellies
  5 hounds
  2 bullfrog skeletons
  29 orc priests
  26 orc wizards
  Natasha (D:3)
  13 worker ants
  A hound zombie (D:6)
  A howler monkey zombie (D:8)
  2 worker ant zombies
  12 adders
  2 shadow imps
  An adder zombie (D:5)
  2 worms (D:2)
  An adder skeleton (D:5)
  2 dart slugs
  6 leopard geckos
  144 orcs
  4 giant cockroaches
  3 goblins
  3 hobgoblins (D:3)
  4 jackals
  5 quokkas
  2 ball pythons
  5 bats
  3 frilled lizards
  A jackal skeleton (D:6)
  2 kobolds
  A leopard gecko zombie (D:6)
  4 rats
  2 fungi
  11 plants
941 creatures vanquished.

Vanquished Creatures (collateral kills)
  A shock serpent (Snake:4)
  Sonja (D:12)
  A deep elf mage (D:12)
  An ugly thing (D:12)
  A cyclops (Orc:1)
  A black mamba (Snake:4)
  3 slime creatures (Swamp:2)
  A warg (Orc:1)
  A swamp worm (Swamp:2)
  2 orc warriors (Orc:1)
  A centaur (D:12)
  An orc priest (Orc:1)
  An iguana (D:12)
  2 orc wizards
  4 orcs
22 creatures vanquished.

Vanquished Creatures (others)
  A human (D:14)
  An orc warrior (D:14)
  An adder (D:5)
  A quokka (D:4)
  6 fungi
  5 plants
15 creatures vanquished.

Grand Total: 978 creatures vanquished

Notes
Turn   | Place    | Note
-------+----------+-------------------------------------------
     0 | D:1      | Lavandula the Centaur Berserker began the quest for the
                  | Orb.
     0 | D:1      | Reached XP level 1. HP: 19/19 MP: 1/1
   117 | D:1      | Reached skill level 3 in Axes
   125 | D:1      | Reached XP level 2. HP: 20/26 MP: 2/2
   281 | D:2      | Found a blossoming altar of Fedhas.
   312 | D:2      | Found a stormy altar of Qazlal.
   349 | D:2      | Found a bloodstained altar of Trog.
   507 | D:3      | Reached XP level 3. HP: 15/31 MP: 3/3
   511 | D:3      | Reached ** piety under Trog
   527 | D:3      | Gained mutation: You have a pair of small antennae on your
                  | head. [potion of mutation]
   527 | D:3      | Gained mutation: You are resistant to hostile enchantments.
                  | (MR+) [potion of mutation]
   611 | D:3      | Reached skill level 4 in Axes
   615 | D:3      | Noticed Natasha
   626 | D:3      | Killed Natasha
   627 | D:3      | Reached XP level 4. HP: 21/38 MP: 4/4
   730 | D:3      | Noticed Grinder
   741 | D:3      | Killed Grinder
   741 | D:3      | Reached skill level 6 in Axes
   741 | D:3      | Reached XP level 5. HP: 5/45 MP: 5/5
   741 | D:3      | Reached XP level 6. HP: 6/51 MP: 6/6
  1183 | D:5      | Entered Level 5 of the Dungeon
  1224 | D:4      | Noticed a slave
  1224 | D:4      | Noticed a slave
  1226 | D:4      | Noticed Pikel
  1228 | D:4      | Noticed a slave
  1229 | D:4      | Noticed a slave
  1237 | D:4      | Killed Pikel
  1237 | D:4      | Reached skill level 8 in Axes
  1237 | D:4      | Reached XP level 7. HP: 28/57 MP: 7/7
  1398 | D:4      | Found a staircase to the Ecumenical Temple.
  1601 | D:5      | Reached skill level 9 in Axes
  1601 | D:5      | Reached XP level 8. HP: 19/63 MP: 8/8
  2258 | D:6      | Reached *** piety under Trog
  2326 | D:5      | Got an iridescent spear
  2412 | D:6      | Reached skill level 5 in Fighting
  2480 | D:6      | Reached XP level 9. HP: 74/74 MP: 9/9
  2485 | D:6      | Reached skill level 10 in Axes
  2559 | D:6      | Found a sacrificial altar of Ru.
  2745 | D:7      | Noticed Prince Ribbit
  2756 | D:7      | Killed Prince Ribbit
  2936 | D:7      | Got a bloodstained ring mail
  3005 | D:7      | Reached **** piety under Trog
  3076 | D:7      | Found Gydariok's Magic Scroll Boutique.
  3084 | D:7      | Bought a scroll of teleportation for 36 gold pieces
  3084 | D:7      | Bought a scroll of remove curse for 36 gold pieces
  3084 | D:7      | Bought a scroll of fear for 42 gold pieces
  3084 | D:7      | Bought a scroll of blinking for 90 gold pieces
  3096 | D:7      | Identified the cursed +1 ring mail "Fecla" {Dex+4} (You
                  | found it on level 7 of the Dungeon)
  3096 | D:7      | Identified the +8 spear "Weucluj" {flame, Dex+4} (You found
                  | it on level 5 of the Dungeon)
  3127 | D:7      | Killed an unseen horror
  3129 | D:7      | Reached skill level 5 in Dodging
  3250 | D:7      | Found a glowing golden altar of the Shining One.
  3437 | D:10     | Entered Level 10 of the Dungeon
  3594 | D:9      | Found an iron altar of Okawaru.
  3656 | D:10     | Reached XP level 10. HP: 70/81 MP: 10/10
  3666 | D:9      | Found Hegesol's General Store.
  3682 | D:9      | Noticed Psyche
  3689 | D:9      | Killed Psyche
  3689 | D:9      | Reached skill level 11 in Axes
  3819 | D:10     | Found the +7 Singing Sword
  3927 | D:10     | Noticed a cyclops
  4182 | D:9      | Reached ***** piety under Trog
  4699 | D:10     | Reached skill level 12 in Axes
  4824 | D:11     | Received a gift from Trog
  4884 | D:12     | Noticed Snorg
  4905 | D:12     | Noticed Sonja
  4967 | D:11     | Noticed a cyan ugly thing
  4977 | D:11     | Killed a cyan ugly thing
  4979 | D:11     | Reached skill level 13 in Axes
  5112 | D:11     | Reached XP level 11. HP: 86/86 MP: 11/11
  5174 | D:11     | Found a staircase to the Lair.
  5181 | Lair:1   | Entered Level 1 of the Lair of Beasts
  5311 | D:12     | Killed Snorg
  5376 | D:12     | Killed Sonja
  5377 | D:12     | Noticed a deep elf mage
  5389 | D:12     | Noticed a green ugly thing
  5390 | D:12     | Killed a deep elf mage
  5390 | D:12     | Reached skill level 14 in Axes
  5398 | D:12     | Killed a green ugly thing
  5398 | D:12     | Reached skill level 1 in Evocations
  5535 | D:12     | Killed an unseen horror
  6058 | D:11     | Noticed a red ugly thing
  6063 | D:11     | Noticed a two-headed ogre
  6073 | D:11     | Killed a red ugly thing
  6074 | D:11     | Killed a two-headed ogre
  6126 | D:11     | Noticed a two-headed ogre
  6203 | D:11     | Found a staircase to the Orcish Mines.
  6234 | D:11     | Killed a two-headed ogre
  6245 | Orc:1    | Entered Level 1 of the Orcish Mines
  6245 | Orc:1    | Noticed an orc sorcerer
  6255 | Orc:1    | Killed an orc sorcerer
  6255 | Orc:1    | Reached skill level 5 in Armour
  6274 | Orc:1    | Reached XP level 12. HP: 71/94 MP: 5/15
  6310 | Orc:1    | Found a roughly hewn altar of Beogh.
  6322 | Orc:1    | Received a gift from Trog
  6335 | Orc:1    | Got a shimmering hand axe {god gift}
  6337 | Orc:1    | Identified the +6 hand axe "Lealup" {chop, *Corrode rC+
                  | Str+2 Int+7} (Trog gifted it to you on level 1 of the
                  | Orcish Mines)
  6438 | Orc:1    | Noticed Erolcha
  6451 | Orc:1    | Killed Erolcha
  6842 | Orc:2    | Entered Level 2 of the Orcish Mines
  6998 | Orc:2    | Found a roughly hewn altar of Beogh.
  7080 | Orc:2    | Found Baipiy's Food Emporium.
  7109 | Orc:2    | Found Miorux's Gadget Shoppe.
  7122 | Orc:2    | Bought a wand of clouds (4) for 360 gold pieces
  7122 | Orc:2    | Bought a wand of digging (7) for 330 gold pieces
  7451 | Orc:2    | Reached skill level 15 in Axes
  7477 | Orc:2    | Found a staircase to the Elven Halls.
  7549 | Orc:2    | Received a gift from Trog
  7564 | Orc:2    | Got a scintillating marble ring
  7565 | Orc:2    | Identified the cursed ring "Ciecasel" {rPois rC- Str+10
                  | Int-2 Dex+2} (You found it on level 2 of the Orcish Mines)
  7653 | Orc:2    | Noticed an orc warlord
  7693 | Orc:2    | Killed an orc warlord
  7759 | Orc:2    | Noticed an orc high priest
  7766 | Orc:2    | Killed an orc high priest
  7766 | Orc:2    | Reached XP level 13. HP: 104/107 MP: 16/16
  7839 | Orc:2    | Found Giyn's Magic Scroll Emporium.
  7859 | Orc:2    | Found a roughly hewn altar of Beogh.
  7950 | Orc:2    | Found Leczasm's Antique Weapon Boutique.
  7956 | Orc:2    | Gained mutation: Scrolls take you a little longer to read.
                  | [a neqoxec]
  7959 | Orc:2    | Reached skill level 16 in Axes
  8005 | Orc:2    | Bought a scroll of teleportation for 48 gold pieces
  8005 | Orc:2    | Bought a scroll of teleportation for 48 gold pieces
  8005 | Orc:2    | Bought a scroll of blinking for 120 gold pieces
  8005 | Orc:2    | Bought a scroll of teleportation for 48 gold pieces
  8005 | Orc:2    | Bought a scroll of blinking for 120 gold pieces
  8359 | Lair:3   | Found a staircase to the Snake Pit.
  8380 | Lair:3   | Reached ****** piety under Trog
  8458 | Lair:4   | Found a staircase to the Swamp.
  8510 | Lair:4   | Received a gift from Trog
  8589 | Lair:6   | Entered Level 6 of the Lair of Beasts
  8685 | Lair:6   | Reached skill level 17 in Axes
  8784 | Lair:6   | Noticed a dire elephant
  8784 | Lair:6   | Noticed a dire elephant
  8795 | Lair:6   | Killed a dire elephant
  8804 | Lair:6   | Killed a dire elephant
  8841 | Lair:6   | Noticed a dire elephant
  8857 | Lair:6   | Killed a dire elephant
  8872 | Lair:6   | Noticed a dire elephant
  8874 | Lair:6   | Noticed a dire elephant
  8881 | Lair:6   | Killed a dire elephant
  8886 | Lair:6   | Killed a dire elephant
  8923 | Lair:6   | Noticed a dire elephant
  8975 | Lair:6   | Killed a dire elephant
  9036 | Lair:5   | Reached XP level 14. HP: 115/115 MP: 17/17
  9037 | Lair:5   | Reached skill level 18 in Axes
  9094 | Swamp:1  | Entered Level 1 of the Swamp
  9202 | Swamp:2  | Received a gift from Trog
  9214 | Swamp:1  | Noticed a thorn hunter
  9542 | Swamp:2  | Reached skill level 19 in Axes
  9650 | Swamp:2  | Noticed a thorn hunter
  9665 | Swamp:2  | Killed a thorn hunter
  9742 | Swamp:2  | Noticed a thorn hunter
  9761 | Swamp:2  | Killed a thorn hunter
 10048 | Swamp:3  | Received a gift from Trog
 10159 | Swamp:3  | Reached XP level 15. HP: 66/121 MP: 18/18
 10247 | Swamp:4  | Entered Level 4 of the Swamp
 10288 | Swamp:4  | Reached skill level 20 in Axes
 10646 | Swamp:4  | Reached skill level 10 in Fighting
 10742 | Swamp:4  | Received a gift from Trog
 10787 | Swamp:4  | Got a decaying rune of Zot
 11019 | Snake:1  | Entered Level 1 of the Snake Pit
 11036 | Snake:1  | Found Estel's General Store.
 11056 | Snake:1  | Received a gift from Trog
 11070 | Snake:1  | Bought a potion of heal wounds for 75 gold pieces
 11205 | Snake:4  | Entered Level 4 of the Snake Pit
 11336 | Snake:4  | Received a gift from Trog
 11609 | Snake:4  | Noticed a nagaraja
 11649 | Snake:4  | Killed a nagaraja
 11861 | Snake:4  | Reached XP level 16. HP: 111/137 MP: 19/19
 12302 | Snake:4  | Received a gift from Trog
 12526 | Snake:4  | Got a serpentine rune of Zot
 12638 | Snake:1  | Noticed Josephine
 13020 | D:13     | Found Viyh's Distillery.
 13035 | D:13     | Bought a potion of berserk rage for 55 gold pieces
 13035 | D:13     | Bought a potion of heal wounds for 55 gold pieces
 13035 | D:13     | Bought a potion of ambrosia for 88 gold pieces
 13098 | D:14     | Found a frozen archway.
 13098 | D:14     | Noticed Nessos
 13112 | D:14     | Killed Nessos
 13174 | IceCv    | Entered an ice cave
 13208 | IceCv    | Received a gift from Trog
 13323 | IceCv    | Got an ivory battleaxe
 13645 | D:14     | Reached skill level 21 in Axes
 13706 | D:14     | Paralysed by a human for 6 turns
 13764 | D:14     | Found a gate to the Vaults.
 13778 | D:14     | Identified the +4 battleaxe of Extinguishment {chop, rC+
                  | rN+++ Str-4} (You found it in an ice cave)
 13796 | Vaults:1 | Entered Level 1 of the Vaults
 13868 | Vaults:1 | Reached XP level 17. HP: 127/148 MP: 20/20
 13976 | Vaults:1 | Received a gift from Trog
 14372 | Vaults:2 | Reached skill level 22 in Axes
 14442 | Vaults:2 | Received a gift from Trog
 14715 | Vaults:3 | Slain by a vault warden simulacrum

Skill      XL: |  1  2  3  4  5  6  7  8  9 10 11 12 13 14 15 16 17 |
---------------+----------------------------------------------------+-----
Axes           | 3 4 6 8 9 10 13 14 15 17 19 20 21 22 | 22.4
Throwing       | 4 |  4.1
Fighting       | 5 8 11 12 | 12.8
Dodging        | 5 8 |  8.1
Evocations     | 4 |  4.4
Armour         | 5 |  5.3

Action                   |  1- 3 |  4- 6 |  7- 9 | 10-12 | 13-15 | 16-18 || total
-------------------------+-------+-------+-------+-------+-------+-------++-------
Melee: Hand axe          |    44 |    57 |   238 |   433 |       |       ||   772
       Kick              |    10 |     9 |    76 |   208 |   352 |   232 ||   887
       Spear             |       |       |    40 |    87 |       |       ||   127
       Broad axe         |       |       |       |   182 |   531 |       ||   713
       Battleaxe         |       |       |       |       |   360 |   655 ||  1015
 Fire: Hunting sling     |     7 |     2 |    41 |       |       |       ||    50
Throw: Tomahawk          |       |     2 |     5 |       |       |       ||     7
Invok: Berserk           |     3 |     3 |    11 |    18 |    24 |    11 ||    70
       Trog's Hand       |       |     1 |     5 |     4 |     9 |     8 ||    27
       Brothers in Arms  |       |       |       |     4 |     1 |     1 ||     6
Evoke: Wand              |       |       |       |     5 |    12 |     6 ||    23
       Sack of spiders   |       |       |       |       |     1 |       ||     1
  Use: Scroll            |     5 |     1 |    14 |     8 |     8 |     5 ||    41
       Potion            |     1 |       |       |       |     2 |     2 ||     5
 Stab: Held in net/web   |       |       |       |     1 |       |       ||     1
       Confused          |       |       |       |     1 |     5 |       ||     6
       Paralysed         |       |       |       |       |     1 |     3 ||     4
  Eat: Chunk             |       |     5 |    19 |    30 |    30 |    16 ||   100
       Ration            |       |       |       |     2 |     3 |     2 ||     7
Armor: Animal skin       |    15 |    17 |       |       |       |       ||    32
       Robe              |       |       |    77 |    12 |       |       ||    89
       Leather armour    |       |       |       |    48 |       |       ||    48
       Troll leather arm |       |       |       |   142 |   264 |   252 ||   658
Dodge: Dodged            |    15 |    14 |   100 |   201 |   465 |   329 ||  1124
